Description

Made by a GM called morgan

Replay - 3 hatch ling flood

Build Order

Get SALT Encoding   

  13  0:11  Drone  
  14  0:34  Hatchery  
  13  0:37  Drone  
  14  1:01  Hatchery  
  14  1:17  Spawning Pool  
  14  1:29  Extractor extractor trick!  
  13  1:31  Drone cancel gas  
  15  1:42  Overlord  
  15  2:05  Zergling  
  20  2:10  Queen  
  23  2:16  Zergling  
Spawning Tool Build Advisor. Get it on Overwolf

Analysis

Basically make 3 hatcheries, and flood with slow lings!

Go to:

Details

  • Created by: arty-hlr
  • Published on: Mar 01, 2023
  • Modified on: Nov 12, 2023
  • Patch: 5.0.11
  • Difficulty: Easy
Show
View Real Time Build Order
Export as new Build Order

Comments (0)

There are no comments. Be the first!

Create an account to comment!